 Dungeon Crawl Stone Soup version 0.15.0-8-gb109cf8 (webtiles) character file.

976527 MDvedh the Invulnerable (level 27, -8/239 (245) HPs)
             Began as a Minotaur Fighter on Aug 29, 2014.
             Was a High Priest of the Shining One.
             Killed by divine providence
             ... invoked by a smoke demon
              (11 damage)
             ... on Level 5 of the Abyss on Aug 30, 2014.
             The game lasted 04:42:39 (76488 turns).

MDvedh the Invulnerable (Minotaur Fighter)         Turns: 76488, Time: 04:42:39

HP  -8/239 (245) AC 47     Str 27      XL: 27
MP   1/43        EV 27     Int -12 (5) God: the Shining One [*****.]
Gold 6025        SH 21     Dex 18      Spells:  0 memorised, 26 levels left

rFire  + + .     SeeInvis +     v - +9 broad axe (holy)
rCold  + . .     Clarity  .     t - +10 gold dragon armour
rNeg   + + .     rCorr    .     P - +4 shield of Sunlight {Slay+4}
rPois  +         rRot     .     x - +2 hat {MR+}
rElec  +         Spirit   .     y - +2 cloak {MR+}
SustAb .         Warding  .     V - +1 pair of gloves {Str+3} (curse)
rMut   +         Stasis   .     E - -2 pair of boots of Gejudiaw {+Blink rElec MR+ SInv Stlth+}
Gourm  .                        B - cursed amulet of resist mutation
MR     +++++                    W - ring "Yrecvi" {rF+ MR+}
                                Q - +5 ring of evasion

@: very slightly contaminated, non-regenerating, diseased, hasted, lost
intelligence, glowing, very slow, almost entirely resistant to hostile
enchantments, extremely unstealthy
A: retaliatory headbutt, hooves 1, horns 2, molten scales 1, frail 1, sense
surroundings 1, weak 1
a: Divine Shield, Cleansing Flame, Summon Divine Warrior, Renounce Religion,
Evoke Blink
}: 9/15 runes: serpentine, barnacled, slimy, silver, demonic, glowing, magical,
fiery, dark


You were on level 5 of the Abyss.
You worshipped the Shining One.
The Shining One was extremely pleased with you.
You were not hungry.

You visited 13 branches of the dungeon, and saw 66 of its levels.
You visited Pandemonium 1 time, and saw 21 of its levels.
You visited the Abyss 3 times.
You visited 1 bazaar.
You also visited: Ossuary, Ice Cave and Volcano.

You collected 9758 gold pieces.
You spent 3733 gold pieces at shops.

Inventory:

Hand weapons
 j - the +2 broad axe of Ijicang {flame, +Fly rElec rF+}
   (Okawaru gifted it to you on level 15 of the Dungeon)

   It emits flame when wielded, causing extra injury to most foes and up to
   double damage against particularly susceptible opponents.
   Big, fiery blades are also staple armaments of hydra-hunters.
   It protects you from fire.
   It insulates you from electricity.
   It lets you fly.
 v - a +9 broad axe of holy wrath (weapon)
Armour
 t - a +10 gold dragon armour (worn)
 x - a +2 hat of magic resistance (worn)
 y - a +2 cloak of magic resistance (worn)
 E - the cursed -2 pair of boots of Gejudiaw (worn) {+Blink rElec MR+ SInv Stlth+}
   (You found it on level 14 of the Dungeon)

   It insulates you from electricity.
   It affects your resistance to hostile enchantments.
   It enhances your eyesight.
   It lets you blink.
   It makes you more stealthy.
   It has a curse placed upon it.
 P - the cursed +4 shield of Sunlight (worn) {Slay+4}
   (Okawaru gifted it to you on level 8 of the Lair of Beasts)

   It affects your accuracy and damage with ranged weapons and melee attacks
   (+4).
   It has a curse placed upon it.
 V - a cursed +1 pair of gloves of strength (worn)
Magical devices
 a - a wand of hasting (1)
 b - a wand of hasting (6)
 L - a wand of teleportation (2)
 M - a wand of hasting (8)
 X - a wand of digging (17)
 Z - a wand of disintegration (10)
Comestibles
 d - 34 bread rations
Scrolls
 k - 23 scrolls of identify
 l - 9 scrolls of blinking
 o - 4 scrolls of brand weapon
 p - 2 scrolls of holy word
 q - 11 scrolls of recharging
 r - 23 scrolls of teleportation
 u - 13 scrolls of fear
 w - 9 scrolls of fog
 A - 46 scrolls of remove curse
 C - a scroll of summoning
 S - 2 scrolls of magic mapping
 Y - a scroll of vulnerability
Jewellery
 c - an uncursed amulet of clarity
 e - an uncursed amulet of stasis
 i - the cursed ring of Hegit {rElec MR+ AC+3 Stlth++}
   (You found it on level 3 of the Crypt)

   [ring of protection]

   It affects your AC (+3).
   It insulates you from electricity.
   It affects your resistance to hostile enchantments.
   It makes you much more stealthy.
   It has a curse placed upon it.
 s - an uncursed ring of protection from cold
 z - an uncursed ring of ice
 B - a cursed amulet of resist mutation (around neck)
 D - a +1 ring of evasion
 Q - a +5 ring of evasion (left hand)
 T - an uncursed ring of protection from fire
 W - the ring "Yrecvi" (right hand) {rF+ MR+}
   (You bought it in a shop on level 1 of the Elven Halls)

   [ring of protection from fire]

   It protects you from fire.
   It affects your resistance to hostile enchantments.
Potions
 g - 7 potions of might
 m - 10 potions of curing
 n - 4 potions of cancellation
 F - a potion of berserk rage
 H - 4 potions of flight
 I - 2 potions of magic
 K - 8 potions of agility
 O - 5 potions of cure mutation
 U - 3 potions of resistance
Books
 G - a book of Enchantments

   Spells                             Type                      Level
   Tukima's Dance                     Hexes                        3
   Cause Fear                         Hexes                        4
   Silence                            Hexes/Air                    5
   Deflect Missiles                   Charms/Air                   6
   Haste                              Charms                       6
   Discord                            Hexes                        8


   Skills:
 O Level 27 Fighting
 O Level 27 Axes
 O Level 27 Armour
 + Level 24.9 Dodging
 + Level 20.1 Shields
 O Level 27 Invocations


You had 26 spell levels left.
You didn't know any spells.

Dungeon Overview and Level Annotations

Branches:
Dungeon (15/15)            Temple (1/1) D:6             Orc (4/4) D:12
    Elf (3/3) Orc:3          Lair (8/8) D:11         Shoals (5/5) Lair:4
  Snake (5/5) Lair:6        Slime (6/6) Lair:6       Vaults (5/5) D:13
  Crypt (3/3) Vaults:3       Tomb (1/3) Crypt:3      Depths (5/5) D:15
    Zot (5/5) Depths:5

Altars:
Ashenzari
Cheibriados
Dithmenos
Elyvilon
Fedhas
Kikubaaqudgha
Makhleb
Nemelex Xobeh
Okawaru
Qazlal
Sif Muna
Trog
Vehumet
Xom
Yredelemnul
Zin
The Shining One
Beogh
Jiyva

Shops:
D:10 :   D:12 (   D:15 :   Orc:3 ?   Orc:4 [(:*   Elf:1 =   Elf:2 !
Vaults:3 *   Depths:5 [(

Portals:
Hell: Depths:1 Depths:2 Depths:3 Depths:4 Depths:5
Abyss: Depths:3 Depths:4 Depths:5
Pandemonium: Depths:2 Depths:5
Ziggurat: Depths:3

Annotations:
Elf:3 exclusion: door
Crypt:2 exclusion: curse skull


Innate Abilities, Weirdness & Mutations

You reflexively headbutt those who attack you in melee.
You have a pair of horns on your head.
You have large cloven feet.
You are partially covered in molten scales (AC +1).
You are frail (-10% HP).
You passively map a small area around you.
You are weak. (Str -2)


Message History

The white very ugly thing completely misses you.
You feel ill.
A raiju comes into view.
Unknown command.
Unknown command.
You slash the white ugly thing!
The white ugly thing is almost dead.
You slash the white very ugly thing!
The white very ugly thing is heavily wounded.
You slash the thrashing horror!
The thrashing horror is moderately damaged.
You completely miss the starcursed mass.
You headbutt the starcursed mass!
The starcursed mass is severely damaged.
The starcursed mass shudders and is absorbed by its neighbour.
You block the thrashing horror's attack. x2
A starcursed mass splits.
You feel ill. The smoke demon gestures at you. Something smites you!
You die... . ## #..# .. . ..##. . ..#h hXX# # .#3§.
LXX#. .3X# .GXh# ##X Xh#X#

# #X#x#hX§§ .
§ #)@## . ###
#XuuX4.$§§. .
# ##WX4x3#.#.
#.###
§##..#####x.#
# . §..
#...### . .#.
##
)§#.###.##.###
#.. .§§ .u# ..
... # ##u# # #
## u #


You could see 8 starcursed masses, a white very ugly thing, a lich (invisible),
a white ugly thing, 2 ancient zymes, 2 thrashing horrors, 3 large abominations,
2 hellwings, a freezing wraith, an eye of draining, 2 smoke demons, 4 raiju and
a small abomination.

Vanquished Creatures
  Cerebov (Pan)
  the royal jelly (Slime:6)
  Gloorx Vloq (Pan)
  Mnoleg (Pan)
  Lom Lobon (Pan)
  5 orbs of fire (Zot:5)
  Khufu (Crypt:3)
  Saint Roka (Snake:5)
  Boris (Crypt:2)
  5 ancient liches
  3 curse toes
  Norris (Elf:3)
  3 Killer Klowns
  Mara (Vaults:4)
  Mennas (Vaults:2)
  6 pandemonium lords (Pan)
  8 golden dragons
  Xtahua (Crypt:3)
  6 bone dragons
  8 electric golems
  A profane servitor (Crypt:3)
  Frederick (Depths:4)
  6 Brimstone Fiends (Pan)
  the Enchantress (Depths:4)
  2 Hell Sentinels (Pan)
  3 hellephants (Abyss:5)
  Asterion (Vaults:3)
  4 Ice Fiends (Pan)
  22 Orb Guardians (Zot:5)
  24 tentacled monstrosities
  Vashnia (Snake:5)
  6 liches
  16 titans
  10 deep elf master archers
  15 acid blobs
  13 deep elf blademasters
  A quicksilver dragon (Depths:4)
  25 Executioners
  12 storm dragons
  14 sphinxes
  6 tengu reavers
  11 shadow dragons
  Agnes (Elf:3)
  31 tentacled starspawn
  2 warmongers (Pan)
  A daeva (Abyss:5)
  Kirke (Elf:3)
  4 ancient champions
  A spectral weapon (Vaults:3)
  A draconian monk (Zot:4)
  6 azure jellies
  31 fire giants
  3 revenants
  7 greater nagas
  6 draconian knights
  4 deep elf sorcerers
  5 draconian scorchers
  28 frost giants
  6 black suns (Pan)
  3 ghost moths
  An iron dragon (Depths:4)
  An orc warlord (Orc:4)
  21 vault wardens
  Aizul (Vaults:2)
  15 cacodemons
  Louise (Elf:3)
  5 emperor scorpions
  Gastronok (Orc:3)
  23 balrugs
  6 draconian zealots
  2 angels (Abyss:5)
  2 blood saints (Pan)
  7 reapers
  A ghoul (Crypt:3)
  Jorgrun (Crypt:2)
  8 draconian annihilators
  35 stone giants
  7 spriggan defenders
  An ophan (Abyss:5)
  3 draconian callers
  2 vampire knights
  11 very ugly things
  11 draconian shifters
  6 corrupters (Pan)
  11 rakshasas
  14 grey draconians
  14 deep elf demonologists
  13 deep elf annihilators
  15 green draconians
  3 chaos champions (Pan)
  6 lorocyprocas
  11 red draconians
  8 purple draconians
  5 dire elephants
  6 white draconians
  A yellow draconian (shapeshifter) (D:14)
  7 black draconians
  17 pale draconians
  12 yellow draconians
  5 mottled draconians
  2 eidola
  13 green deaths
  A merfolk javelineer (Shoals:5)
  An unborn (Crypt:3)
  5 minotaurs
  12 blizzard demons
  8 deep elf death magi
  6 death oozes (Slime:6)
  2 spectral quicksilver dragons
  38 vault guards
  4 mummy priests
  26 jiangshi
  9 fire dragons
  3 merfolk impalers
  A quicksilver dragon zombie (Abyss:3)
  82 large abominations
  Josephine (Orc:2)
  2 spectral golden dragons (Crypt:3)
  10 great orbs of eyes
  13 ettins
  17 ironheart preservers
  A deep elf high priest (Elf:3)
  Harold (D:10)
  4 ghost crabs
  A spectral shadow dragon (Crypt:3)
  6 death cobs
  4 spriggan air magi
  23 yaktaur captains
  23 ice dragons
  22 naga warriors
  8 monstrous demonspawn (Pan)
  A siren (Shoals:3)
  7 deep troll earth magi
  5 merfolk aquamancers
  4 hydras
  10 ogre magi
  6 anacondas
  A ravenous feature mimic (Zot:3)
  6 deep troll shamans
  A spectral stone giant (Crypt:2)
  A ravenous item mimic (Vaults:4)
  9 centaur warriors
  6 death knights
  A dancing weapon (Abyss:5)
  A spectral fire giant (Crypt:3)
  A satyr (Shoals:4)
  37 death yaks
  A death yak (shapeshifter) (Vaults:5)
  A spectral frost giant (Crypt:1)
  7 orc high priests
  7 vampire magi
  4 tengu warriors
  24 thrashing horrors
  A titan zombie (Crypt:3)
  A hellephant zombie (Abyss:5)
  3 spriggan berserkers
  10 hell hogs
  19 soul eaters
  11 naga sharpshooters
  27 sun demons
  A titan skeleton (Pan)
  132 starcursed masses
  10 shock serpents
  Nergalle (D:10)
  18 deep elf knights
  4 hell beasts (Pan)
  26 wretched stars
  4 salamander mystics
  4 unseen horrors
  2 iron trolls (Depths:4)
  53 skeletal warriors
  12 spatial maelstroms
  14 shadow wraiths
  6 sea snakes
  6 spriggans
  A storm dragon skeleton (Crypt:2)
  Erolcha (D:13)
  22 deep trolls
  A golden dragon zombie (Crypt:2)
  A ghost moth zombie (Zot:3)
  7 hell knights
  3 putrid demonspawn (Pan)
  A spectral anaconda (Crypt:1)
  4 death drakes
  12 hill giants
  5 infernal demonspawn (Pan)
  5 wizards
  8 flayed ghosts
  An anaconda skeleton (Crypt:1)
  An anaconda zombie (Abyss:5)
  6 deep elf summoners
  14 torturous demonspawn (Pan)
  3 naga ritualists
  2 spectral hydras
  4 ice statues (IceCv)
  6 shadow demons
  17 giant orange brains
  9 ice devils
  A swamp dragon (shapeshifter) (Depths:5)
  12 ironbrand convokers
  A sphinx zombie (Crypt:1)
  A faun (shapeshifter) (Vaults:5)
  A lindwurm (shapeshifter) (D:14)
  45 ugly things
  2 gelid demonspawn (Pan)
  9 necromancers
  2 harpies (Elf:3)
  2 shadow dragon zombies (Vaults:5)
  2 deathcaps (Zot:3)
  4 wolf spiders
  19 deep elf conjurers
  A frost giant zombie (Crypt:2)
  3 hellions (Pan)
  A tengu skeleton (Vaults:3)
  6 statues (Volcano)
  A mana viper (shapeshifter) (Vaults:5)
  2 stone giant zombies
  18 orc knights
  15 griffons
  5 mana vipers
  A draconian (shapeshifter) (Vaults:4)
  11 phantasmal warriors
  2 draconian zombies
  10 manticores
  2 fire giant zombies (Vaults:5)
  5 cyclopes
  A salamander (shapeshifter) (D:12)
  12 salamanders
  6 fauns
  10 orc sorcerers
  4 shining eyes
  2 red wasps (shapeshifter)
  A guardian serpent (shapeshifter) (Depths:3)
  25 moths of wrath
  37 black mambas
  2 red wasps
  2 eyes of devastation
  4 water nymphs
  8 apocalypse crabs
  A griffon (shapeshifter) (D:15)
  2 mermaids
  6 elephants (Lair:6)
  11 guardian serpents
  Maurice (D:12)
  4 worldbinders
  A toenail golem (Abyss:5)
  8 human skeletons
  4 fire giant skeletons
  34 sixfirhies
  4 torpor snails
  A spiny frog (shapeshifter) (Vaults:1)
  12 vault sentinels
  25 naga magi
  13 spiny frogs
  2 spriggan skeletons (Depths:1)
  25 orange demons
  3 death yak zombies (Depths:1)
  5 iron devils
  A centaur skeleton (D:15)
  A kobold demonologist (Vaults:2)
  An emperor scorpion zombie (Depths:1)
  27 smoke demons
  A red draconian zombie (Crypt:2)
  2 item mimics
  10 efreet
  2 tormentors (Abyss:5)
  69 yaktaurs
  A yaktaur zombie (Vaults:1)
  10 demonic crawlers
  10 komodo dragons
  17 freezing wraiths
  6 fire drakes
  22 red devils
  35 hellwings
  2 yaktaurs (shapeshifter)
  14 two-headed ogres
  15 guardian mummies
  7 merfolk
  2 polar bears (shapeshifter)
  18 ancient zymes
  6 trolls
  21 deep elf priests
  A tengu conjurer (Depths:3)
  5 polar bears (Lair:8)
  A merfolk (shapeshifter) (Elf:2)
  2 death yak skeletons
  88 slime creatures
  68 raiju
  2 spectral harpies
  A raiju (shapeshifter) (Abyss:5)
  29 blink frogs
  4 boulder beetles
  3 wandering mushrooms
  3 wind drakes
  A tengu simulacrum (Vaults:3)
  2 jumping spiders (shapeshifter)
  A blink frog (shapeshifter) (Vaults:3)
  A basilisk (shapeshifter) (Vaults:2)
  A trapdoor spider zombie (D:10)
  A catoblepas skeleton (Crypt:2)
  A fire giant simulacrum (Crypt:3)
  A hydra skeleton (Crypt:2)
  A snapping turtle (Shoals:1)
  10 blue devils
  An ettin zombie (Abyss:3)
  A harpy skeleton (Pan)
  4 ravens
  A raven (shapeshifter) (Vaults:1)
  2 ice dragon zombies
  9 shadows
  A basilisk (Lair:5)
  3 air elementals (Depths:4)
  76 flying skulls
  4 vampires
  35 ynoxinuls
  A fire dragon skeleton (Pan)
  An ettin skeleton (Vaults:3)
  5 fire bats
  3 tarantellas
  A steam dragon (D:9)
  15 water elementals
  9 redbacks
  7 wraiths
  A tarantella (shapeshifter) (Abyss:5)
  27 deep elf fighters
  Eustachio (D:7)
  A golden eye (shapeshifter) (Abyss:5)
  A hippogriff (shapeshifter) (Vaults:3)
  3 wyverns
  34 yaks
  A human (D:10)
  A human (shapeshifter) (D:14)
  13 hippogriffs
  8 hungry ghosts
  2 hill giant zombies (D:13)
  17 wargs
  16 hogs
  16 vampire mosquitoes
  53 nagas
  41 neqoxecs
  31 deep elf magi
  21 wolves
  13 chaos spawn
  21 spatial vortices
  17 hell hounds
  Edmund (D:6)
  A raven skeleton (Crypt:2)
  37 water moccasins
  2 swamp drakes (Zot:3)
  A mottled dragon (shapeshifter) (Abyss:5)
  A mottled dragon (Vaults:2)
  11 porcupines
  4 sky beasts
  30 small abominations
  A spiny frog skeleton (Crypt:1)
  A spectral polar bear (Crypt:3)
  5 spiders (Lair:8)
  7 black bears
  5 ice beasts
  An ice dragon simulacrum (Abyss:5)
  5 phantoms
  7 necrophages
  42 orc warriors
  42 ogres
  8 yellow wasps
  16 crocodiles
  29 centaurs
  A blink frog skeleton (Crypt:1)
  An elf simulacrum (Vaults:1)
  3 manticore skeletons
  A snapping turtle skeleton (Crypt:3)
  2 elf zombies
  4 big kobolds
  A hell hound zombie (Abyss:5)
  25 giant frogs
  A brain worm (shapeshifter) (Vaults:2)
  A brain worm (Pan)
  3 cyclops zombies
  A warg zombie (D:15)
  2 giant frogs (shapeshifter) (Depths:4)
  2 spectral tengu
  2 spiny frog simulacra
  6 insubstantial wisps (Abyss:4)
  13 eyes of draining
  6 raiju zombies (Abyss:5)
  11 killer bees
  7 scorpions
  24 wights
  3 electric eels
  A troll skeleton (D:8)
  4 lava snakes (Volcano)
  8 crimson imps
  A goliath beetle (D:6)
  4 iron imps
  21 hounds
  2 giant frog skeletons
  2 giant frog zombies
  11 human zombies
  2 black bear zombies (Crypt:2)
  2 draconian simulacra (IceCv)
  2 centaur zombies
  20 jellies
  5 quasits
  Crazy Yiuf (D:2)
  3 troll simulacra (IceCv)
  10 iguanas
  24 orc wizards
  A yellow wasp zombie (D:8)
  A basilisk skeleton (Crypt:1)
  2 elf skeletons
  28 orc priests
  4 orange rats (D:11)
  10 worker ants
  A spectral steam dragon (Crypt:1)
  17 sheep
  A centaur simulacrum (IceCv)
  4 killer bee zombies (D:8)
  A spriggan simulacrum (IceCv)
  Ijyb (D:3)
  Jessica (D:3)
  A big kobold zombie (Ossuary)
  2 ogre zombies
  A mottled dragon skeleton (D:11)
  A naga skeleton (Abyss:4)
  A spectral hound (Crypt:1)
  2 hound zombies
  8 gnolls
  6 mummies
  33 adders
  47 green rats
  2 naga simulacra (IceCv)
  An ogre simulacrum (IceCv)
  2 orc skeletons
  8 shadow imps
  An inept item mimic (D:2)
  9 white imps
  3 worms (D:2)
  74 ufetubi
  2 adder zombies
  A spectral giant mite (Crypt:1)
  A giant eyeball (Pan)
  5 giant geckos
  2 oozes (Lair:6)
  113 orcs
  22 bats
  4 giant cockroaches
  A giant mite zombie (Crypt:2)
  A gnoll zombie (D:7)
  A green rat skeleton (Crypt:1)
  18 hobgoblins
  16 quokkas
  6 ball pythons (Lair:6)
  4 giant newts
  A giant newt zombie (Crypt:2)
  11 goblins
  2 goblin zombies (Ossuary)
  11 hobgoblin zombies
  15 jackals
  A jackal skeleton (D:4)
  A jackal zombie (Ossuary)
  38 kobolds
  12 kobold zombies
  A lurking horror (Abyss:5)
  An orc simulacrum (Orc:2)
  9 orc zombies
  A quokka zombie (D:4)
  17 rats
  2 rat zombies
  3 ballistomycetes (D:15)
  7 crawling corpses
  13 fungi
  A grand avatar (Pan)
  10 plants
  27 starspawn tentacles
4361 creatures vanquished.

Vanquished Creatures (collateral kills)
  A draconian annihilator (Pan)
  A deep elf annihilator (Pan)
  A green death (Pan)
  A sun demon (Pan)
  3 starspawn tentacles (Abyss:5)
7 creatures vanquished.

Vanquished Creatures (others)
  A daeva (Pan)
  A tengu reaver (Depths:5)
  2 fire giants
  A frost giant (Crypt:3)
  A draconian scorcher (Zot:4)
  A draconian zealot (Zot:3)
  A slime creature (Depths:2)
  A deep elf high priest (Depths:1)
  2 deep elf knights
  2 large abominations (Abyss:5)
  5 drowned souls (Shoals:3)
  A fire drake (Zot:2)
  An iron devil (Pan)
  2 deep elf priests (Depths:1)
  2 blink frogs (Abyss:3)
  A raiju (Abyss:5)
  2 ravens (Depths:4)
  A water elemental (Abyss:3)
  A ynoxinul (Abyss:5)
  A deep elf fighter (Elf:1)
  A small abomination (Abyss:5)
  An orc warrior (Snake:5)
  A swamp drake (Zot:3)
  11 lost souls
  A hell hound zombie (Abyss:5)
  A starcursed mass (Abyss:5)
  7 ufetubi
  A giant spore (D:15)
  10 lurking horrors
  2 fungi
  4 plants (Lair:8)
  62 starspawn tentacles
  115 starspawn tentacle segments
247 creatures vanquished.

Grand Total: 4615 creatures vanquished

Notes
Turn   | Place    | Note
--------------------------------------------------------------
     0 | D:1      | MDvedh, the Minotaur Fighter, began the quest for the Orb.
     0 | D:1      | Reached XP level 1. HP: 19/19 MP: 1/1
   131 | D:1      | Reached XP level 2. HP: 21/26 MP: 1/1
   443 | D:1      | Reached skill level 4 in Axes
   469 | D:2      | Reached XP level 3. HP: 22/31 MP: 2/2
   859 | D:2      | Reached skill level 5 in Axes
   935 | D:2      | Found a glowing silver altar of Zin.
   987 | D:2      | Reached XP level 4. HP: 39/39 MP: 2/2
  1168 | D:2      | Noticed Crazy Yiuf
  1177 | D:2      | Killed Crazy Yiuf
  1404 | D:3      | Reached skill level 6 in Axes
  1409 | D:3      | Reached XP level 5. HP: 24/45 MP: 2/2
  1416 | D:3      | Noticed Ijyb
  1653 | D:3      | Killed Ijyb
  1653 | D:3      | Reached skill level 7 in Axes
  1958 | D:3      | Noticed Jessica
  1959 | D:3      | Killed Jessica
  2547 | D:3      | Noticed a human
  2551 | D:3      | Found a basalt altar of Yredelemnul.
  2828 | D:4      | Gained mutation: You evolve. [potion of mutation]
  2828 | D:4      | Gained mutation: Your system is resistant to poisons. [potion of mutation]
  2828 | D:4      | Gained mutation: Your magical capacity is low (-10% MP). [potion of mutation]
  2853 | D:4      | Reached XP level 6. HP: 51/51 MP: 2/2
  2885 | D:4      | Found a sand-covered staircase.
  2949 | Ossuary  | Entered an ossuary
  3052 | Ossuary  | Reached skill level 8 in Axes
  3129 | Ossuary  | Reached skill level 9 in Axes
  3132 | Ossuary  | Reached XP level 7. HP: 45/57 MP: 2/2
  3212 | Ossuary  | Gained mutation: Your flesh is cold resistant. [evolution]
  3966 | D:5      | Entered Level 5 of the Dungeon
  4016 | D:5      | Reached skill level 10 in Axes
  4376 | D:5      | Gained mutation: You have large cloven feet. [potion of beneficial mutation]
  4377 | D:5      | Gained mutation: You passively map a small area around you. [potion of beneficial mutation]
  4710 | D:6      | Reached skill level 11 in Axes
  4725 | D:6      | Found a staircase to the Ecumenical Temple.
  4733 | D:6      | Reached XP level 8. HP: 64/64 MP: 2/2
  4743 | Temple   | Entered the Ecumenical Temple
  5037 | D:6      | Noticed Edmund
  5053 | D:6      | Killed Edmund
  5053 | D:6      | Reached skill level 12 in Axes
  5088 | D:6      | Found a shimmering altar of Xom.
  5194 | D:6      | Found a burning altar of Makhleb.
  5376 | D:6      | Found a glowing golden altar of the Shining One.
  5572 | D:7      | Noticed Eustachio
  5582 | D:7      | Killed Eustachio
  5582 | D:7      | Reached skill level 13 in Axes
  5600 | D:7      | Gained mutation: You are partially covered in molten scales (AC +1). [evolution]
  5632 | D:7      | Reached XP level 9. HP: 60/70 MP: 3/3
  5745 | D:7      | Found a shattered altar of Ashenzari.
  6057 | D:7      | Found a deep blue altar of Sif Muna.
  6067 | D:7      | Found an iron altar of Okawaru.
  6071 | D:7      | Became a worshipper of Warmaster Okawaru
  6080 | D:7      | Found a sparkling altar of Nemelex Xobeh.
  6148 | D:7      | Reached skill level 14 in Axes
  6859 | D:8      | Acquired Okawaru's first power
  6885 | D:8      | Reached skill level 15 in Axes
  7014 | D:8      | Reached skill level 16 in Axes
  7029 | D:8      | Found a bloodstained altar of Trog.
  7106 | D:8      | Reached XP level 10. HP: 46/78 MP: 3/3
  7288 | D:8      | Found a white marble altar of Elyvilon.
  7559 | D:9      | Reached skill level 5 in Fighting
  7559 | D:9      | Reached skill level 5 in Armour
  7821 | D:9      | Found a burning altar of Makhleb.
  8123 | D:10     | Entered Level 10 of the Dungeon
  8167 | D:10     | Noticed Harold
  8189 | D:10     | Killed Harold
  8364 | D:10     | Noticed Nergalle
  8375 | D:10     | Killed Nergalle
  8375 | D:10     | Reached XP level 11. HP: 91/95 MP: 1/3
  8406 | D:10     | Found Joumieck's Book Emporium.
  8730 | D:10     | You fall through a shaft!
  8730 | D:11     | Found a staircase to the Lair.
  9198 | D:10     | Noticed an unseen horror
  9219 | D:10     | Killed an unseen horror
  9219 | D:10     | Reached skill level 10 in Fighting
  9219 | D:10     | Reached skill level 10 in Armour
  9834 | D:10     | Reached skill level 1 in Invocations
  9906 | D:10     | Acquired Okawaru's second power
 10356 | D:11     | Noticed a hill giant
 10362 | D:11     | Killed a hill giant
 10505 | Lair:1   | Entered Level 1 of the Lair of Beasts
 11517 | Lair:2   | Received a gift from Okawaru
 11708 | Lair:2   | Got a sparkling ivory ring
 11824 | Lair:2   | Found a frozen archway.
 11828 | IceCv    | Entered an ice cave
 11863 | IceCv    | Reached XP level 12. HP: 49/110 MP: 12/12
 11876 | IceCv    | Gained mutation: You rapidly evolve. [evolution]
 12081 | IceCv    | Noticed an ice statue
 12081 | IceCv    | Noticed an ice statue
 12092 | IceCv    | Killed an ice statue
 12216 | IceCv    | Killed an ice statue
 12219 | IceCv    | Identified the ring of Gixiasch {+cTele Dex+3} (You found it on level 2 of the Lair of Beasts)
 12351 | IceCv    | Noticed an ice statue
 12419 | IceCv    | Killed an ice statue
 12419 | IceCv    | Reached skill level 5 in Invocations
 12424 | IceCv    | Noticed an ice statue
 12449 | IceCv    | Noticed a necromancer
 12459 | IceCv    | Killed a necromancer
 12823 | IceCv    | Killed an ice statue
 12829 | IceCv    | Got a twisted swamp dragon armour
 12830 | IceCv    | Identified the +6 swamp dragon armour of the Arcane {rPois Str+3 Int+3} (You found it in an ice cave)
 13292 | Lair:2   | Gained mutation: You have hoof-like feet. [evolution]
 14641 | Lair:4   | Found a staircase to the Shoals.
 14896 | Lair:4   | Received a gift from Okawaru
 15353 | Lair:4   | Gained mutation: You can spit poison. [evolution]
 15353 | Lair:4   | Lost mutation: You rapidly evolve. [end of evolution]
 15583 | Lair:5   | Reached XP level 13. HP: 113/122 MP: 18/18
 15861 | Lair:5   | Received a gift from Okawaru
 16413 | Lair:6   | Found a staircase to the Snake Pit.
 16745 | Lair:6   | Found a staircase to the Slime Pits.
 17263 | Lair:7   | Reached skill level 17 in Axes
 17344 | Lair:7   | Received a gift from Okawaru
 17952 | Lair:8   | Entered Level 8 of the Lair of Beasts
 17959 | Lair:8   | Reached skill level 18 in Axes
 17993 | Lair:8   | Lost mutation: Your magical capacity is low (-10% MP). [evolution]
 18026 | Lair:8   | Reached XP level 14. HP: 116/132 MP: 14/21
 18258 | Lair:8   | Reached skill level 5 in Shields
 18750 | Lair:8   | Received a gift from Okawaru
 19180 | Lair:8   | Reached skill level 10 in Shields
 19255 | Lair:8   | Received a gift from Okawaru
 19256 | Lair:8   | Got a shimmering shield {god gift}
 19267 | Lair:8   | Identified the +4 shield of Sunlight {Slay+4} (Okawaru gifted it to you on level 8 of the Lair of Beasts)
 19827 | D:12     | Found Ceufakhug's Weapon Emporium.
 19989 | D:12     | Noticed Maurice
 19998 | D:12     | Killed Maurice
 20039 | D:12     | Found a staircase to the Orcish Mines.
 20402 | D:12     | Found a roughly hewn altar of Beogh.
 20425 | Orc:1    | Entered Level 1 of the Orcish Mines
 20552 | Orc:2    | Noticed Josephine
 20562 | Orc:2    | Killed Josephine
 20627 | Orc:3    | Found a staircase to the Elven Halls.
 20660 | Orc:3    | Noticed Gastronok
 20694 | Orc:3    | Killed Gastronok
 20720 | Orc:3    | Found a dark tunnel.
 20804 | Volcano  | Entered a volcano
 21209 | Volcano  | Found an iron altar of Okawaru.
 21262 | Orc:3    | Found Brulug's Magic Scroll Boutique.
 21285 | Orc:3    | Bought a scroll of blinking for 120 gold pieces
 21285 | Orc:3    | Bought a scroll of blinking for 120 gold pieces
 21296 | Orc:3    | Found a roughly hewn altar of Beogh.
 21376 | Orc:3    | Reached XP level 15. HP: 138/138 MP: 22/22
 21898 | Orc:4    | Entered Level 4 of the Orcish Mines
 21898 | Orc:4    | Found Stipt's General Store.
 21912 | Orc:4    | Received a gift from Okawaru
 21973 | Orc:4    | Bought a potion of beneficial mutation for 420 gold pieces
 21974 | Orc:4    | Gained mutation: You have hooves in place of feet. [potion of beneficial mutation]
 22010 | Orc:4    | Lost mutation: You can spit poison. [evolution]
 22010 | Orc:4    | Lost mutation: You evolve. [end of evolution]
 22012 | Orc:4    | Found Cixakhah's Book Boutique.
 22088 | Orc:4    | Found Atamagri's Antique Armour Shoppe.
 22121 | Orc:4    | Found Stiasm's Antique Weapon Shoppe.
 22674 | Orc:4    | Bought a twisted plate armour for 980 gold pieces
 22685 | Orc:4    | Identified the +7 plate armour of Khaleut {rF+ Curse} (You bought it in a shop on level 4 of the Orcish Mines)
 22765 | D:13     | Reached skill level 15 in Shields
 22816 | D:13     | Found a gate to the Vaults.
 22832 | D:13     | Received a gift from Okawaru
 23090 | D:13     | Found a blossoming altar of Fedhas.
 23264 | D:13     | Noticed Erolcha
 23266 | D:13     | Cast into the Abyss (Erolcha)
 23449 | D:13     | Escaped the Abyss
 23454 | D:13     | Killed Erolcha
 23802 | D:14     | Reached skill level 15 in Fighting
 23891 | D:14     | Noticed a tengu reaver
 23904 | D:14     | Killed a tengu reaver
 24361 | D:15     | Entered Level 15 of the Dungeon
 24503 | D:15     | Received a gift from Okawaru
 24508 | D:15     | Got a jewelled broad axe {god gift}
 24514 | D:15     | Identified the +2 broad axe of Ijicang {flame, +Fly rElec rF+} (Okawaru gifted it to you on level 15 of the Dungeon)
 24540 | D:15     | Found Gyekiv's Book Emporium.
 24598 | D:15     | Found a staircase to the Depths.
 24602 | D:15     | Reached XP level 16. HP: 152/152 MP: 23/23
 24787 | D:15     | Paralysed by an orc sorcerer for 6 turns
 25738 | Snake:1  | Entered Level 1 of the Snake Pit
 25928 | Snake:1  | Identified a scroll of acquirement
 25929 | Snake:1  | Got a pair of jewelled gloves
 25940 | Snake:1  | Identified the +1 pair of gloves of the Rose {+Fly Stlth+} (You acquired it on level 1 of the Snake Pit)
 26121 | Snake:1  | Received a gift from Okawaru
 27709 | Snake:2  | Received a gift from Okawaru
 27939 | Snake:3  | Reached skill level 19 in Fighting
 28372 | Snake:3  | Received a gift from Okawaru
 28580 | Snake:3  | Reached skill level 20 in Fighting
 28992 | Snake:3  | Reached XP level 17. HP: 168/171 MP: 23/23
 29854 | Snake:4  | Reached skill level 21 in Fighting
 29995 | Snake:4  | Received a gift from Okawaru
 30613 | Snake:5  | Entered Level 5 of the Snake Pit
 30744 | Snake:5  | Noticed Vashnia
 30778 | Snake:5  | Killed Vashnia
 30789 | Snake:5  | Received a gift from Okawaru
 31050 | Snake:5  | Noticed Saint Roka
 31088 | Snake:5  | Killed Saint Roka
 31088 | Snake:5  | Reached skill level 22 in Fighting
 31776 | Snake:5  | Reached skill level 23 in Fighting
 31782 | Snake:5  | Received a gift from Okawaru
 31819 | Snake:5  | Got a serpentine rune of Zot
 32240 | Shoals:1 | Entered Level 1 of the Shoals
 32370 | Shoals:2 | Reached XP level 18. HP: 188/188 MP: 25/25
 32405 | Shoals:2 | Found a glowing silver altar of Zin.
 32486 | Shoals:3 | Reached skill level 1 in Dodging
 33444 | Shoals:5 | Entered Level 5 of the Shoals
 33662 | Shoals:5 | Reached skill level 5 in Dodging
 33678 | Shoals:5 | Got a barnacled rune of Zot
 33990 | Vaults:1 | Entered Level 1 of the Vaults
 34137 | Vaults:1 | Reached skill level 15 in Armour
 34502 | Vaults:1 | Received a gift from Okawaru
 34662 | Vaults:1 | Paralysed by a sphinx for 6 turns
 35145 | Vaults:1 | Received a gift from Okawaru
 35532 | Vaults:2 | Noticed Aizul
 35542 | Vaults:2 | Killed Aizul
 35812 | Vaults:2 | Noticed Mennas
 35839 | Vaults:2 | Killed Mennas
 35904 | Vaults:2 | Reached XP level 19. HP: 165/195 MP: 25/25
 36127 | Vaults:2 | Reached skill level 10 in Dodging
 36309 | Vaults:2 | Received a gift from Okawaru
 37279 | Vaults:3 | Noticed Asterion
 37296 | Vaults:3 | Killed Asterion
 37360 | Vaults:3 | Found Ugytsierr's Assorted Antiques.
 37547 | Vaults:3 | Received a gift from Okawaru
 38194 | Vaults:3 | Found a staircase to the Crypt.
 38364 | Vaults:3 | Received a gift from Okawaru
 38582 | Vaults:4 | Found a flickering gateway to a bazaar.
 38590 | Bazaar   | Entered a bazaar
 38592 | Bazaar   | Found Zeaso's Antique Armour Emporium.
 38600 | Bazaar   | Found Gops' Assorted Antiques.
 38608 | Bazaar   | Found Qoidgh's Jewellery Emporium.
 38615 | Bazaar   | Found Cry Wyxa's Food Boutique.
 38625 | Bazaar   | Found Wuclyicy's Magic Scroll Emporium.
 38633 | Bazaar   | Bought a scroll of enchant weapon for 82 gold pieces
 38633 | Bazaar   | Bought a scroll of teleportation for 33 gold pieces
 38633 | Bazaar   | Bought a scroll of recharging for 104 gold pieces
 38633 | Bazaar   | Bought a scroll of identify for 22 gold pieces
 38633 | Bazaar   | Bought a scroll of recharging for 104 gold pieces
 38633 | Bazaar   | Bought a scroll of identify for 22 gold pieces
 38633 | Bazaar   | Bought a scroll of recharging for 104 gold pieces
 38633 | Bazaar   | Bought a scroll of identify for 22 gold pieces
 38633 | Bazaar   | Bought a scroll of enchant armour for 82 gold pieces
 38653 | Bazaar   | Bought a potion of haste for 210 gold pieces
 38653 | Bazaar   | Bought a scroll of fog for 60 gold pieces
 38653 | Bazaar   | Bought a potion of might for 75 gold pieces
 38894 | Vaults:4 | Reached XP level 20. HP: 177/204 MP: 25/25
 39436 | Vaults:4 | Received a gift from Okawaru
 39939 | Vaults:5 | Entered Level 5 of the Vaults
 39948 | Vaults:5 | Reached skill level 15 in Dodging
 40119 | Vaults:5 | Noticed an ancient lich
 40378 | Vaults:4 | Received a gift from Okawaru
 40483 | Vaults:5 | Noticed an ancient lich
 40484 | Vaults:5 | Killed an ancient lich
 40484 | Vaults:5 | Received a gift from Okawaru
 40484 | Vaults:5 | Reached XP level 21. HP: 127/211 MP: 20/26
 40729 | Vaults:5 | Noticed Mara
 40738 | Vaults:4 | Killed an ancient lich
 41031 | Vaults:4 | Killed Mara
 41034 | Vaults:5 | Cast into the Abyss (deep elf demonologist)
 41034 | Abyss:1  | Found a corrupted altar of Lugonu.
 41195 | Abyss:1  | Paralysed by you for 2 turns
 41231 | Abyss:1  | Gained mutation: You are frail (-10% HP). [a cacodemon]
 41297 | Vaults:5 | Escaped the Abyss
 41526 | Vaults:5 | Noticed a golden dragon
 41529 | Vaults:5 | Noticed a golden dragon
 41538 | Vaults:5 | Killed a golden dragon
 41547 | Vaults:5 | Killed a golden dragon
 41547 | Vaults:5 | Received a gift from Okawaru
 41576 | Vaults:5 | Got a pair of crude gloves {god gift}
 41594 | Vaults:5 | Identified the -4 pair of gloves of Okawaru's Approval {MR+} (Okawaru gifted it to you on level 5 of the Vaults)
 41869 | Vaults:5 | Lost mutation: You have hooves in place of feet. [potion of cure mutation]
 41869 | Vaults:5 | Lost mutation: You are frail (-10% HP). [potion of cure mutation]
 41869 | Vaults:5 | Lost mutation: Your system is resistant to poisons. [potion of cure mutation]
 41869 | Vaults:5 | Lost mutation: Your flesh is cold resistant. [potion of cure mutation]
 41888 | Vaults:5 | Got a silver rune of Zot
 42008 | Vaults:5 | Noticed a golden dragon
 42019 | Vaults:5 | Killed a golden dragon
 42028 | Vaults:5 | Got a crystal broad axe
 42029 | Vaults:5 | Identified the +7 broad axe "Xioxkat" {pain, rF+} (You found it on level 5 of the Vaults)
 42571 | D:14     | Got a pair of twisted boots
 42577 | D:14     | Identified the cursed -2 pair of boots of Gejudiaw {+Blink rElec MR+ SInv Stlth+} (You found it on level 14 of the Dungeon)
 42770 | Elf:1    | Entered Level 1 of the Elven Halls
 43024 | Elf:1    | Found Kheresu's Jewellery Boutique.
 43035 | Elf:1    | Bought an uncursed amulet of resist corrosion for 220 gold pieces
 43035 | Elf:1    | Bought the ring "Yrecvi" {rF+ MR+} for 413 gold pieces
 43527 | Elf:2    | Reached XP level 22. HP: 222/222 MP: 27/27
 43667 | Elf:2    | Found Thried's Distillery.
 43679 | Elf:2    | Bought a potion of curing for 20 gold pieces
 43679 | Elf:2    | Bought a potion of might for 25 gold pieces
 43679 | Elf:2    | Bought a potion of resistance for 70 gold pieces
 43679 | Elf:2    | Bought a potion of curing for 20 gold pieces
 43679 | Elf:2    | Bought a potion of might for 25 gold pieces
 43679 | Elf:2    | Bought a potion of heal wounds for 30 gold pieces
 43679 | Elf:2    | Bought a potion of cure mutation for 350 gold pieces
 43808 | Elf:2    | Gained mutation: You passively map the area around you. [potion of beneficial mutation]
 44253 | Elf:3    | Entered Level 3 of the Elven Halls
 44274 | Elf:3    | Reached skill level 24 in Fighting
 44321 | Elf:3    | Noticed Norris
 44323 | Elf:3    | Noticed Louise
 44335 | Elf:3    | Killed Louise
 44351 | Elf:3    | Killed Norris
 44447 | Elf:3    | Received a gift from Okawaru
 44641 | Elf:3    | Noticed Agnes
 44655 | Elf:3    | Killed Agnes
 45413 | Elf:3    | Got a heavily runed lead ring
 45814 | Elf:3    | Noticed Kirke
 45841 | Elf:3    | Killed Kirke
 46374 | Elf:2    | Identified the ring "Qunanu" {rN+ MP+9} (You took it off a deep elf blademaster on level 3 of the Elven Halls)
 46663 | Slime:1  | Entered Level 1 of the Pits of Slime
 47243 | Slime:6  | Entered Level 6 of the Pits of Slime
 47248 | Slime:6  | Received a gift from Okawaru
 47459 | Slime:6  | Found a viscous altar of Jiyva.
 47463 | Slime:6  | Noticed the royal jelly
 47499 | Slime:6  | Killed the royal jelly
 47842 | Slime:6  | Got a slimy rune of Zot
 47844 | Slime:6  | Identified the Compendium of the Escort
 48005 | Slime:6  | Reached XP level 23. HP: 182/231 MP: 27/27
 48457 | Depths:1 | Entered Level 1 of the Depths
 48467 | Depths:1 | Reached skill level 25 in Fighting
 48471 | Depths:1 | Received a gift from Okawaru
 49014 | Depths:1 | Found a gateway to Hell.
 49243 | Depths:1 | Received a gift from Okawaru
 49513 | Depths:2 | Received a gift from Okawaru
 50089 | Depths:2 | Got a faintly humming hat
 50100 | Depths:2 | Identified the -2 hat of Liberty {+Blink +Inv rElec rF+ SInv} (You acquired it on level 2 of the Depths)
 50206 | Depths:2 | Found a glowing golden altar of the Shining One.
 50306 | Depths:2 | Found a one-way gate leading to the halls of Pandemonium.
 51276 | Depths:3 | Reached skill level 26 in Fighting
 51344 | Depths:3 | Received a gift from Okawaru
 51367 | Depths:3 | Reached XP level 24. HP: 228/245 MP: 28/28
 51474 | Depths:3 | Found a gateway to a ziggurat.
 51538 | Depths:3 | Found a one-way gate to the infinite horrors of the Abyss.
 51861 | Depths:4 | Noticed the Enchantress
 51880 | Depths:4 | Killed the Enchantress
 51881 | Depths:4 | Received a gift from Okawaru
 52309 | Depths:4 | Noticed Frederick
 52326 | Depths:4 | Killed Frederick
 53055 | Depths:4 | Got an ancient platinum ring
 53351 | Depths:5 | Entered Level 5 of the Depths
 54027 | Depths:5 | Found a gate to the Realm of Zot.
 54046 | Depths:5 | Found Kloxa's Antique Weapon Boutique.
 54081 | Depths:5 | Received a gift from Okawaru
 54421 | Depths:5 | Found Cloaxt's Antique Armour Boutique.
 54738 | Zot:1    | Entered Level 1 of the Realm of Zot
 54824 | Zot:1    | Reached XP level 25. HP: 201/253 MP: 28/28
 54997 | Zot:1    | Identified the cursed ring of Chunoupt {EV-2 Str+2 Int+3} (You took it off a vampire knight on level 4 of the Depths)
 56423 | Zot:2    | Received a gift from Okawaru
 56895 | Zot:3    | Reached skill level 27 in Armour
 57194 | Zot:3    | Received a gift from Okawaru
 57956 | Zot:3    | Reached XP level 26. HP: 246/264 MP: 29/29
 58686 | Zot:3    | Reached skill level 27 in Fighting
 59717 | Zot:4    | Received a gift from Okawaru
 59782 | Zot:4    | Reached skill level 27 in Axes
 60653 | Zot:5    | Entered Level 5 of the Realm of Zot
 60770 | Zot:5    | Received a gift from Okawaru
 60980 | Zot:5    | Noticed an ancient lich
 60994 | Zot:5    | Killed an ancient lich
 61337 | Zot:5    | Noticed an orb of fire
 61337 | Zot:5    | Gained mutation: Space occasionally distorts in your vicinity. [an orb of fire]
 61362 | Zot:5    | Killed an orb of fire
 61362 | Zot:5    | Reached XP level 27. HP: 256/272 MP: 29/29
 61366 | Zot:5    | Noticed an orb of fire
 61366 | Zot:5    | Noticed an orb of fire
 61393 | Zot:5    | Killed an orb of fire
 61402 | Zot:5    | Killed an orb of fire
 61406 | Zot:5    | Noticed an orb of fire
 61426 | Zot:5    | Killed an orb of fire
 61427 | Zot:5    | Noticed an orb of fire
 61446 | Zot:5    | Killed an orb of fire
 61727 | Zot:5    | Received a gift from Okawaru
 61754 | Zot:5    | Got a pair of encrusted boots {god gift}
 61755 | Zot:5    | Identified the -2 pair of boots of the Swamp {rC+ rN+} (Okawaru gifted it to you on level 5 of the Realm of Zot)
 61809 | Zot:5    | Lost mutation: Space occasionally distorts in your vicinity. [potion of cure mutation]
 61809 | Zot:5    | Lost mutation: You have hoof-like feet. [potion of cure mutation]
 61809 | Zot:5    | Lost mutation: You passively map the area around you. [potion of cure mutation]
 62305 | Depths:2 | Fell from the grace of Okawaru
 62305 | Depths:2 | Became a worshipper of the Shining One
 62712 | Crypt:1  | Entered Level 1 of the Crypt
 62918 | Crypt:1  | Acquired the Shining One's first power
 63775 | Crypt:1  | Acquired the Shining One's second power
 63775 | Crypt:1  | Reached skill level 10 in Invocations
 64041 | Crypt:2  | Noticed Boris
 64051 | Crypt:2  | Killed Boris
 64280 | Crypt:2  | Noticed Jorgrun
 64289 | Crypt:2  | Killed Jorgrun
 64334 | Crypt:2  | Found a basalt altar of Yredelemnul.
 64708 | Crypt:3  | Entered Level 3 of the Crypt
 64719 | Crypt:3  | Acquired the Shining One's third power
 64948 | Crypt:3  | Found a basalt altar of Yredelemnul.
 64959 | Crypt:3  | Acquired the Shining One's fourth power
 65016 | Crypt:3  | Noticed Xtahua
 65062 | Crypt:3  | Killed Xtahua
 65294 | Crypt:3  | Identified the Tome of Destructive Air
 65757 | Crypt:3  | Reached skill level 15 in Invocations
 65839 | Crypt:3  | Got a crude lapis lazuli ring
 65840 | Crypt:3  | Identified the ring of Lucowy {rPois Dex+2} (You found it on level 3 of the Crypt)
 65942 | Crypt:3  | Lost intelligence.
 65956 | Crypt:3  | Found a staircase to the Tomb.
 65957 | Crypt:3  | Noticed Khufu
 65963 | Crypt:3  | HP: 8/272 [indirect mummy death curse (20)]
 65969 | Crypt:3  | Killed Khufu
 66249 | Crypt:3  | Got an ancient tin ring
 66434 | Tomb:1   | Entered Level 1 of the Tomb of the Ancients
 67505 | Depths:2 | Identified a +7 broad axe of holy wrath (a +5 broad axe of freezing blessed by the Shining One)
 67563 | Pan      | Entered Pandemonium
 67618 | Pan      | Entered the realm of Cerebov.
 67756 | Pan      | Was forgiven by Okawaru
 67955 | Pan      | Noticed Cerebov
 68065 | Pan      | Identified the Almanac of Talismans
 68184 | Pan      | Killed Cerebov
 68736 | Pan      | Identified the Papyrus of Fiery Confrontation
 68773 | Pan      | Got a fiery rune of Zot
 69030 | Pan      | Identified the cursed ring of Hegit {rElec MR+ AC+3 Stlth++} (You found it on level 3 of the Crypt)
 69071 | Pan      | Found an exit through the horrors of the Abyss.
 69320 | Pan      | Noticed Bliotwod the pandemonium lord
 69333 | Pan      | Killed Bliotwod the pandemonium lord
 69551 | Pan      | Found an exit through the horrors of the Abyss.
 69734 | Pan      | Noticed Phank the pandemonium lord
 69746 | Pan      | Killed Phank the pandemonium lord
 69769 | Pan      | Entered the realm of Mnoleg.
 69769 | Pan      | Noticed Mnoleg
 69792 | Pan      | Killed Mnoleg
 69799 | Pan      | Got a glowing rune of Zot
 70049 | Pan      | Found a gateway to a ziggurat.
 70059 | Pan      | Paralysed by a giant eyeball for 3 turns
 70404 | Pan      | Found an exit through the horrors of the Abyss.
 70453 | Pan      | Found an exit through the horrors of the Abyss.
 70802 | Pan      | Found an exit through the horrors of the Abyss.
 70855 | Pan      | Entered the realm of Gloorx Vloq.
 70882 | Pan      | Noticed Gloorx Vloq
 70902 | Pan      | Killed Gloorx Vloq
 70955 | Pan      | Got a dark rune of Zot
 71241 | Pan      | Found an exit through the horrors of the Abyss.
 71773 | Pan      | Noticed Anaczoadav the pandemonium lord
 71786 | Pan      | Killed Anaczoadav the pandemonium lord
 71837 | Pan      | Noticed Poaborof the pandemonium lord
 71849 | Pan      | Killed Poaborof the pandemonium lord
 71988 | Pan      | Found an exit through the horrors of the Abyss.
 72418 | Pan      | Noticed Fuwnurhi the pandemonium lord
 72437 | Pan      | Killed Fuwnurhi the pandemonium lord
 72543 | Pan      | Found an exit through the horrors of the Abyss.
 72652 | Pan      | Noticed Ofuis the pandemonium lord
 72665 | Pan      | Killed Ofuis the pandemonium lord
 72681 | Pan      | Got a demonic rune of Zot
 72715 | Pan      | Entered the realm of Lom Lobon.
 73320 | Pan      | Noticed Lom Lobon
 73344 | Pan      | Killed Lom Lobon
 73361 | Pan      | Got a magical rune of Zot
 73489 | Pan      | Found an exit through the horrors of the Abyss.
 73506 | Pan      | Took an exit into the Abyss.
 73506 | Abyss:1  | Escaped into the Abyss
 73516 | Abyss:1  | Found a radiant altar of Vehumet.
 74447 | Abyss:3  | Noticed an ancient lich
 74463 | Abyss:3  | Killed an ancient lich
 74469 | Abyss:3  | Gained mutation: You are frail (-10% HP). [a neqoxec]
 74876 | Abyss:4  | Found a corrupted altar of Lugonu.
 75024 | Abyss:5  | Entered Level 5 of the Abyss
 75148 | Abyss:5  | Found an ancient bone altar of Kikubaaqudgha.
 75363 | Abyss:5  | Reached skill level 27 in Invocations
 75409 | Abyss:5  | Lost intelligence.
 75521 | Abyss:5  | Found a shattered altar of Ashenzari.
 75544 | Abyss:5  | Paralysed by accursed screaming for 1 turns
 75553 | Abyss:5  | Lost intelligence.
 75713 | Abyss:5  | Lost intelligence.
 75784 | Abyss:5  | Paralysed by you for 5 turns
 75975 | Abyss:5  | Paralysed by accursed screaming for 1 turns
 75987 | Abyss:5  | Gained mutation: You are weak. (Str -2) [a neqoxec]
 76003 | Abyss:5  | Paralysed by accursed screaming for 1 turns
 76025 | Abyss:5  | Paralysed by accursed screaming for 1 turns
 76261 | Abyss:5  | Noticed an ancient lich
 76266 | Abyss:5  | Killed an ancient lich
 76274 | Abyss:5  | Paralysed by accursed screaming for 1 turns
 76485 | Abyss:5  | HP: 8/239 [white ugly thing (17)]
 76486 | Abyss:5  | HP: 3/239 [starcursed mass/accursed screaming (16)]
 76488 | Abyss:5  | Killed from afar by a smoke demon

Action                   |  1- 3 |  4- 6 |  7- 9 | 10-12 | 13-15 | 16-18 | 19-21 | 22-24 | 25-27 || total
-------------------------+-------+-------+-------+-------+-------+-------+-------+-------+-------++-------
Melee: War axe           |    86 |   171 |   365 |   685 |       |       |       |       |       ||  1307
       Broad axe         |       |       |       |    60 |  1023 |  1025 |  1052 |  1587 |  4269 ||  9016
Invok: Heroism           |       |       |       |     8 |    13 |    11 |     6 |     5 |     2 ||    45
       Finesse           |       |       |       |       |     7 |     5 |     4 |     7 |     7 ||    30
       Cleansing Flame   |       |       |       |       |       |       |       |       |    40 ||    40
       Summon Divine War |       |       |       |       |       |       |       |       |     4 ||     4
       Divine Shield     |       |       |       |       |       |       |       |       |     1 ||     1
 Abil: Evoke Flight      |       |       |       |       |       |     2 |       |       |       ||     2
Evoke: Wand              |       |       |     4 |     5 |     4 |     5 |     2 |     6 |     4 ||    30
  Use: Potion            |       |     2 |     3 |     1 |     1 |     7 |     5 |     6 |    46 ||    71
       Scroll            |       |     9 |     7 |    15 |     9 |     6 |    21 |    10 |    22 ||    99
 Stab: Distracted        |       |     1 |       |       |       |       |     1 |       |     2 ||     4
       Paralysed         |       |       |       |       |       |       |     2 |       |       ||     2
       Petrifying        |       |       |       |       |       |       |       |       |     1 ||     1
       Petrified         |       |       |       |       |       |       |       |       |     1 ||     1
  Eat: Chunk             |       |     4 |    22 |    25 |     9 |     8 |     1 |     2 |     5 ||    76
       Pizza             |       |     1 |     1 |       |       |     1 |       |     2 |     3 ||     8
       Beef jerky        |       |     1 |       |       |       |     2 |     1 |     1 |     3 ||     8
       Meat ration       |       |       |       |       |     4 |     3 |     3 |     6 |     4 ||    20
       Bread ration      |       |       |       |       |     1 |     2 |     1 |     1 |     5 ||    10
       Fruit             |       |       |       |       |       |       |     4 |       |    11 ||    15
       Royal jelly       |       |       |       |       |       |       |       |       |    14 ||    14
